 Dungeon Crawl Stone Soup version 0.29.1-2-gbd0b4ee654 (webtiles) character file.

Game seed: 15295625649232569981

1638 H0rd4k the Martial Artist (level 8, 54/54 HPs)
             Began as an Octopode Artificer on Nov 22, 2022.
             Was an Initiate of Gozag.
             Quit the game on level 6 of the Dungeon.
             The game lasted 00:08:47 (6768 turns).

H0rd4k the Martial Artist (Octopode Artificer)      Turns: 6768, Time: 00:08:47

Health: 54/54      AC:  1    Str: 10    XL:     8   Next: 98%
Magic:  14/14      EV: 14    Int: 15    God:    Gozag
Gold:   520        SH:  0    Dex: 22    Spells: 15/15 levels left

rFire   . . .      SeeInvis .     - Unarmed
rCold   . . .      Faith    .   (no shield)
rNeg    + . .      Spirit   .   (helmet restricted)
rPois   .          Reflect  .   (no amulet)
rElec   .          Harm     .   k - +6 ring of dexterity
rCorr   .          Rampage  .   n - ring of positive energy
Will    .....                   (no ring)
Stlth   +++.......              (no ring)
HPRegen 0.18/turn               (no ring)
MPRegen 0.14/turn               (no ring)
                                (no ring)
                                (no ring)

@: no status effects
A: almost no armour, amphibious, 8 rings, camouflage 1, gelatinous body 1,
(nimble swimmer 1), tentacles, agile 1, MP-powered wands
a: Renounce Religion, Potion Petition, Call Merchant, Bribe Branch


You were on level 6 of the Dungeon.
You worshipped Gozag.
Gozag was pleased with you.
You visited 2 branches of the dungeon, and saw 7 of its levels.

You collected 575 gold pieces.
You paid 55 gold pieces to Gozag.

Inventory:

Missiles
 a - 2 throwing nets
 h - 4 atropa-tipped darts
Jewellery
 k - a +6 ring of dexterity (left tentacle)
 n - a ring of positive energy (right tentacle)
Wands
 c - a wand of charming (4)
 g - a wand of paralysis (5)
Scrolls
 b - a scroll of enchant weapon {unknown}
 d - a scroll of poison {unknown}
 e - a scroll of fear {unknown}
 i - a scroll of magic mapping {unknown}
 j - 3 scrolls of enchant armour {unknown}
 l - 5 scrolls of identify {unknown}
 m - a scroll of butterflies {unknown}
 o - a scroll of vulnerability {unknown}
 p - 3 scrolls of noise {unknown}
 q - 3 scrolls of teleportation {unknown}
 r - a scroll of acquirement {unknown}
 t - a scroll of silence {unknown}
Potions
 f - a potion of heal wounds


   Skills:
 * Level 4.9 Fighting
 - Level 2.3 Dodging
 - Level 1.3 Stealth
 + Level 8.4 Unarmed Combat
 * Level 4.3 Spellcasting
 - Level 3.2 Evocations


You had 15 spell levels left.
You didn't know any spells.
Your spell library contained the following spells:

 Spells                   Type           Power      Damage    Failure   Level
 Ensorcelled Hibernation  Hex/Ice        6%         N/A       26%         2
 Passwall                 Tmut/Erth      2%         N/A       26%         2
 Gell's Gravitas          Tloc           3%         N/A       45%         3
 Lesser Beckoning         Tloc           3%         N/A       45%         3
 Stone Arrow              Conj/Erth      6%         3d7       45%         3
 Swiftness                Air            3%         N/A       45%         3
 Teleport Other           Tloc           3%         N/A       45%         3
 Dispersal                Tloc           1%         N/A       100%        6
 Lehudib's Crystal Spear  Conj/Erth      1%         10d2      100%        8
 Animate Armour           Summ/Erth      Unusable   N/A       N/A         4

Dungeon Overview and Level Annotations

Branches:
Dungeon (6/15)             Temple (1/1) D:4

Altars:
Ashenzari
Cheibriados
Dithmenos
Elyvilon
Fedhas
Gozag
Hepliaklqana
Kikubaaqudgha
Makhleb
Nemelex Xobeh
Okawaru
Ru
Sif Muna
Trog
Uskayaw
Vehumet
Wu Jian
Xom
Yredelemnul
Zin
The Shining One

Shops:
D:5 *

Annotations:
D:3 2 transporters, Deveroux's ghost, amateur MfGl
D:4 exclusion: 2 downstairs
D:5 exclusion: upstairs
D:6 exclusion: ogre


Innate Abilities, Weirdness & Mutations

You cannot wear most types of armour.
You are amphibious.
You can wear up to eight rings at the same time.
Your skin changes colour to match your surroundings (Stealth+).
Your rubbery body absorbs attacks. (AC +1, EV +1)
((You are camouflaged when in or above water. (Stealth+)))
You have tentacles for arms and can constrict up to eight enemies at once.
You are agile. (Dex +4, Str/Int -1)
You expend magic power (3 MP) to strengthen your wands.


Message History

The phantom hits you.
The phantom blinks!
You blink.
You closely miss the phantom.
The phantom is lightly damaged.
The phantom barely misses you.
You closely miss the phantom. You squeeze the phantom!
The phantom is heavily damaged.
The phantom closely misses you.
You tentacle-slap the phantom. You squeeze the phantom.
The phantom is heavily damaged.
The phantom barely misses you.
You tentacle-slap the phantom but do no damage.
The phantom is heavily damaged.
The phantom hits you.
The phantom blinks!
You blink.
You tentacle-slap the phantom. You squeeze the phantom.
The phantom is almost destroyed.
The phantom hits you.
You closely miss the phantom.
The phantom is almost destroyed.
You miss the phantom. You squeeze the phantom.
You destroy the phantom!
You hear the rapid hiss of an avalanche of sand nearby.
You hear the rapid hiss of an avalanche of sand nearby.
You now have 503 gold pieces (gained 6).
The hiss of flowing sand is almost imperceptible now.
Unknown command.
q - 3 scrolls labelled YMPACUFEIR (gained 1)
The walls and floor vibrate strangely for a moment.
Found 17 gold pieces.
Found a scroll labelled EGGEMOM XIDGHI.
Found a stone staircase leading up.
You now have 520 gold pieces (gained 17).
Found 4 gold pieces.
An ogre comes into view. It is wielding a +0 giant club.
Found a fuming green potion.
Found 25 gold pieces.
Found a stone staircase leading up.
There is a collapsed entrance here.
You can't go down here!
Unknown command.
Are you sure you want to abandon this character and quit the game? (Confirm with "yes".)
Okay, then.
Are you sure you want to abandon this character and quit the game? (Confirm with "yes".)

###### ###..... #
#......##.# # # #.....#.#
###########.#...@...#######
.....#........#...#.......#
.....#.######.#...#.......#
.##......###.........$....#
..#....#.#........O....!..#
..#....# #.######........$#
#.#..<.# #. #.......<.###.
..#.#..# #.# #.$....?......
....#..# #.#
###..........###


You could see an ogre (asleep).

Vanquished Creatures
  2 ice beasts (D:5)
  A sky beast (D:6)
  3 black bears (D:5)
  2 phantoms
  2 necrophages
  3 scorpions
  A howler monkey (D:5)
  2 hounds
  An orc priest (D:3)
  2 iguanas (D:4)
  3 adders
  An ufetubus (D:4)
  2 worms
  5 dart slugs
  14 orcs
  3 bats
  6 endoplasms
  2 giant cockroaches
  6 hobgoblins
  3 quokkas
  8 ball pythons
  A frilled lizard (D:2)
  8 goblins
  3 kobolds
  4 rats (D:1)
88 creatures vanquished.

Vanquished Creatures (collateral kills)
  2 black bears (D:5)
  An ogre (D:6)
  A hound (D:5)
  A jelly (D:5)
  An orc wizard (D:5)
  6 orcs
12 creatures vanquished.

Vanquished Creatures (others)
  An orc (D:3)
  2 plants (D:2)
  A withered plant (D:1)
4 creatures vanquished.

Grand Total: 104 creatures vanquished

Notes
Turn   | Place    | Note
-------+----------+-------------------------------------------
     0 | D:1      | H0rd4k the Octopode Artificer began the quest for the Orb.
     0 | D:1      | Reached XP level 1. HP: 13/13 MP: 1/1
   125 | D:1      | Found a faded altar of an unknown god.
   402 | D:1      | Reached XP level 2. HP: 16/18 MP: 3/3
   414 | D:1      | Reached skill level 1 in Spellcasting
  1282 | D:2      | Reached skill level 1 in Unarmed Combat
  1282 | D:2      | Reached XP level 3. HP: 21/24 MP: 3/5
  2308 | D:3      | Reached XP level 4. HP: 12/29 MP: 6/6
  2540 | D:3      | Found a transporter.
  2541 | D:3      | Noticed Deveroux's ghost (amateur MfGl)
  2668 | D:3      | Reached skill level 2 in Unarmed Combat
  3252 | D:3      | Found a transporter.
  3440 | D:4      | Found a staircase to the Ecumenical Temple.
  3484 | Temple   | Entered the Ecumenical Temple
  3687 | Temple   | Became a worshipper of Gozag Ym Sagoz the Greedy
  3727 | D:4      | Reached skill level 3 in Unarmed Combat
  3727 | D:4      | Reached XP level 5. HP: 21/35 MP: 8/8
  4144 | D:4      | Reached XP level 6. HP: 41/41 MP: 9/9
  4365 | D:4      | Reached skill level 4 in Unarmed Combat
  4729 | D:5      | Entered Level 5 of the Dungeon
  4995 | D:5      | Noticed a black bear
  5003 | D:5      | Killed a black bear
  5004 | D:5      | Reached skill level 5 in Unarmed Combat
  5004 | D:5      | Reached XP level 7. HP: 35/46 MP: 11/11
  5111 | D:5      | Gained mutation: You occasionally lose the ability to read
                  | scrolls when taking damage. [potion of mutation]
  5111 | D:5      | Lost mutation: You occasionally lose the ability to read
                  | scrolls when taking damage. [potion of mutation]
  5111 | D:5      | Gained mutation: You expend magic power (3 MP) to
                  | strengthen your wands. [potion of mutation]
  5111 | D:5      | Gained mutation: You are agile. (Dex +4, Str/Int -1)
                  | [potion of mutation]
  5130 | D:5      | Reached skill level 6 in Unarmed Combat
  5147 | D:5      | Reached XP level 8. HP: 14/54 MP: 11/13
  5493 | D:5      | Reached skill level 7 in Unarmed Combat
  5512 | D:5      | Found Rysaow's CLEARANCE SALE!.
  6246 | D:6      | Reached skill level 8 in Unarmed Combat
  6768 | D:6      | Quit the game

Illustrated notes

Levels and vault maps discovered:
D:1:      onia_arrival_handbag, layout_loops_ring, shapermc_ecumenical_altar_gd
D:2:      layout_loops_cross, serial_bayou, serial_bayou_ford_a,
          serial_bayou_pond_d, serial_bayou_pond_d, serial_bayou_lagoon_b
D:3:      layout_loops_ring, gammafunk_ghost_stat_death, guppyfry_early_orc_mine
D:4:      layout_loops_cross, temple_doors_e, kennysheep_generic_room_3
D:5:      kennysheep_big_flooded_room, layout_cave_pods, serial_rivers,
          chequers_serial_rivers_room_b, chequers_serial_rivers_micro_c,
          chequers_serial_rivers_micro_c, chequers_serial_rivers_large_b,
          nicolae_shop_clearance
D:6:      layout_basic, nicolae_ossuary_entry_ruins
Temple:   minmay_crystal_snake_temple

Skill      XL: |  1  2  3  4  5  6  7  8 |
---------------+-------------------------+-----
Spellcasting   | 1 2 3 4 |  4.3
Unarmed Combat | 1 3 5 6 8 |  8.4
Fighting       | 2 3 4 |  4.9
Dodging        | |  2.3
Stealth        | |  1.3
Evocations     | |  3.2

Action                   |  1- 3 |  4- 6 |  7- 9 || total
-------------------------+-------+-------+-------++-------
Melee: Unarmed           |    86 |    91 |    78 ||   255
       Constrict         |    28 |    32 |    11 ||    71
       Tentacles         |    24 |    21 |    25 ||    70
       Punch             |       |     2 |     3 ||     5
Evoke: Wand              |     1 |    10 |    21 ||    32
  Use: Potion            |       |       |     7 ||     7
 Stab: Sleeping          |    11 |     5 |     1 ||    17
       Distracted        |       |     1 |       ||     1
       Paralysed         |       |       |     2 ||     2
Armor: Skin              |     2 |     1 |     1 ||     4
Dodge: Dodged            |    51 |    50 |    38 ||   139
